 Dungeon Crawl Stone Soup version 0.30-a0-696-g2367cd04db (webtiles) character file.

Game seed: 14725938865683198779

14354 lessens the Severer (level 11, -1/86 HPs)
             Began as a Minotaur Reaver on Jan 20, 2023.
             Was a High Priest of Okawaru.
             Shot with an arrow by a centaur warrior (12 damage)
             ... on level 11 of the Dungeon.
             The game lasted 00:14:58 (12373 turns).

lessens the Severer (Minotaur Reaver)              Turns: 12373, Time: 00:14:58

Health: -1/86      AC: 12    Str: 22    XL:     11   Next: 87%
Magic:  13/13      EV: 16    Int: 10    God:    Okawaru [*****.]
Gold:   1139       SH:  5    Dex:  8    Spells: 11/12 levels left

rFire   . . .      SeeInvis .    y - +0 battleaxe
rCold   + . .      Faith    .    (shield currently unavailable)
rNeg    . . .      Spirit   .    F - +2 ring mail {rPois}
rPois   +          Reflect  +    x - +1 hat
rElec   .          Harm     .    W - +0 cloak
rCorr   .          Rampage  .    I - +0 pair of gloves
Will    .....                    (no boots) Stlth
                                 u - amulet of reflection
HPRegen 0.34/turn                j - +5 ring of evasion
MPRegen 0.13/turn                b - ring of protection from cold

@: about to teleport
A: horns 2, retaliatory headbutt
a: Renounce Religion, Heroism, Finesse, Duel


You were on level 11 of the Dungeon.
You worshipped Okawaru.
Okawaru was extremely pleased with you.
You visited 2 branches of the dungeon, and saw 12 of its levels.
You also visited: Ossuary.

You collected 1188 gold pieces.
You spent 49 gold pieces at shops.

Inventory:

Hand Weapons
 a - a +0 hand axe
 y - a +0 battleaxe (weapon)
Missiles
 k - 74 stones
 l - 6 boomerangs (quivered)
 G - 3 throwing nets
 H - 15 poisoned darts
 P - 2 boomerangs of dispersal
 T - 2 atropa-tipped darts
Armour
 g - a scarf of resistance
 x - a +1 hat (worn)
 F - a +2 ring mail of poison resistance (worn)
 I - a +0 pair of gloves (worn)
 W - a +0 cloak (worn)
Jewellery
 b - a ring of protection from cold (right hand)
 j - a +5 ring of evasion (left hand)
 u - an amulet of reflection (around neck)
 z - a ring of resist corrosion
 S - an amulet of guardian spirit
 U - a ring of flight
Wands
 A - a wand of polymorph (4)
 O - a wand of iceblast (12)
 V - a wand of flame (17)
Scrolls
 c - a scroll of magic mapping {unknown}
 d - 2 scrolls of poison {unknown}
 e - a scroll of blinking
 h - a scroll of silence {unknown}
 i - 2 scrolls of immolation
 o - 8 scrolls of teleportation
 p - 5 scrolls of enchant weapon
 r - 2 scrolls of vulnerability {unknown}
 w - a scroll of torment {unknown}
 E - 2 scrolls of amnesia
 J - 3 scrolls of enchant armour {unknown}
 K - a scroll of brand weapon {unknown}
 L - 4 scrolls of noise {unknown}
 M - 6 scrolls of identify
 N - 5 scrolls of fear {unknown}
 X - a scroll of fog {unknown}
Potions
 f - 3 potions of haste
 m - a potion of brilliance
 n - 3 potions of heal wounds
 q - 2 potions of resistance {unknown}
 s - 4 potions of attraction
 t - a potion of lignification {unknown}
 v - 10 potions of curing
 B - a potion of flight {unknown}
 C - a potion of invisibility {unknown}
 D - 2 potions of berserk rage
 Q - a potion of cancellation {unknown}
 R - a potion of degeneration


   Skills:
 - Level 5.1 Fighting
 * Level 19.4 Axes
 + Level 9.1 Armour
 - Level 2.1 Dodging
 - Level 1.3 Spellcasting
 - Level 2.1 Conjurations
 - Level 5.0 Invocations


You had 11 spell levels left.
You knew the following spells:

 Your Spells              Type           Power      Damage    Failure   Level
a - Kiss of Death         Conj/Necr      8%         2d6       30%         1

Your spell library contained the following spells:

 Spells                   Type           Power      Damage    Failure   Level
 Momentum Strike          Conj/Tloc      4%         3d8       43%         2
 Hailstorm                Conj/Ice       2%         3d3       67%         3
 Ignite Poison            Fire/Tmut/Pois 0%         N/A       82%         3
 Sticky Flame             Conj/Fire      2%         2d3       97%         4
 Leda's Liquefaction      Hex/Erth       0%         N/A       99%         4
 Lee's Rapid Deconstruct  Erth           0%         3d4*      100%        5
 Statue Form              Tmut/Erth      0%         N/A       100%        6
 Ignition                 Fire           0%         3d3       100%        8


Dungeon Overview and Level Annotations

Branches:
Dungeon (11/15) Zot: 26881  Temple (1/1) D:4 Zot: 5897    Lair (0/5) D:9
    Orc (0/2) D:10        Ossuary (visited)

Altars:
Ashenzari
Cheibriados
Dithmenos
Elyvilon
Fedhas
Gozag
Hepliaklqana
Kikubaaqudgha
Makhleb
Nemelex Xobeh
Okawaru
Qazlal
Ru
Sif Muna
Trog
Uskayaw
Vehumet
Wu Jian
Xom
Yredelemnul
Zin
The Shining One

Shops:
D:6 [


Innate Abilities, Weirdness & Mutations

You have a pair of horns on your head.
You reflexively headbutt those who attack you in melee.


Message History

The centaur warrior shouts!
The centaur warrior wields a +0 shortbow.
The centaur warrior shoots an arrow.
You reflect the arrow off an invisible shield around you!
The arrow hits the centaur warrior!
You hear a shout!
The centaur warrior shoots an arrow.
The arrow hits you but does no damage.
The centaur warrior shoots an arrow.
The arrow hits you!
* * * LOW HITPOINT WARNING * * *
You see here 14 gold pieces.
What are your orders? t - Shout!
Orders for allies: a - Attack new target. r - Retreat! s - Stop attacking. g - Guard the area. f - Follow me.
Anything else - Cancel.
Okay, then.
As you read the scroll labelled XUSAMN BABODIQ, it crumbles to dust.
The air around you briefly surges with heat, but it dissipates.
It was a scroll of immolation.
A vampire mosquito comes into view.
The vampire mosquito buzzes angrily.
Unknown command.
Unknown command.
Unknown command.
As you read the scroll of teleportation, it crumbles to dust.
You feel strangely unstable.
The vampire mosquito bites you but does no damage.
You feel much better. The vampire mosquito bites you!
* * * LOW HITPOINT WARNING * * *
The vampire mosquito draws strength from your injuries!
The centaur warrior shoots an arrow.
The arrow hits you!
* * * LOW HITPOINT WARNING * * *
The vampire mosquito closely misses you.
The centaur warrior shoots an arrow.
The arrow misses you. The vampire mosquito bites you.
* * * LOW HITPOINT WARNING * * *
The vampire mosquito draws strength from your injuries!
The centaur warrior shoots an arrow.
The arrow hits you!
You die...

# # ############
#######....#.....######
......#.##.#...#[#....#
##.......#.#....@..#
^#.##.......c#.#y†.#
.#.#.#...###.#$##†#####
#.#...#.......##(.)..#
#...#.c..########.##.#
#....###.# ...##.#
..... .. ######..
...... .[. ###. #.##.
.#


You could see a centaur warrior and a vampire mosquito.

Vanquished Creatures
  Erolcha (D:10)
  A centaur warrior (D:10)
  A two-headed ogre (D:11)
  Erica (D:8)
  A sixfirhy (D:10)
  Maurice (D:10)
  Psyche (D:8)
  A gargoyle (D:10)
  An unseen horror (D:10)
  2 trolls
  A red devil (D:10)
  A hornet (D:7)
  A slime creature (D:10)
  A shadow (D:10)
  A ynoxinul (D:10)
  3 wraiths
  14 yaks
  A steam dragon (D:7)
  A basilisk (D:10)
  2 vampire mosquitoes (D:11)
  A chaos spawn (D:10)
  An acid dragon (D:9)
  2 water moccasins (D:9)
  A sky beast (D:6)
  A swamp drake (D:10)
  9 ice beasts
  2 black bears (D:7)
  2 orc warriors (D:10)
  2 ogres (D:7)
  2 centaurs (D:7)
  3 phantoms
  2 gnoll sergeants
  4 bullfrogs
  A necrophage (D:6)
  5 scorpions
  2 water moccasin zombies (Ossuary)
  3 wights (D:8)
  15 killer bees
  5 howler monkeys
  An electric eel (D:8)
  A lava snake (D:8)
  2 bullfrog zombies (Ossuary)
  3 centaur zombies (Ossuary)
  6 hounds
  2 quasits (D:10)
  7 orc priests
  5 jellies
  6 gnoll boudas
  2 iguanas
  9 orc wizards
  A statue (D:9)
  20 gnolls
  12 adders
  A shadow imp (D:7)
  2 white imps
  3 ufetubi
  7 adder zombies (Ossuary)
  A worm (D:3)
  2 dart slugs
  33 orcs
  8 bats
  8 endoplasms
  6 giant cockroaches
  4 gnoll zombies (Ossuary)
  10 goblins
  5 hobgoblins
  2 kobolds (D:3)
  4 quokkas
  6 ball pythons
  3 frilled lizards
  5 goblin zombies
  6 hobgoblin zombies
  A kobold zombie (D:4)
  2 orc skeletons (D:4)
  9 orc zombies
  8 rats
313 creatures vanquished.

Vanquished Creatures (others)
  An ufetubus (D:7)
  An orc (D:7)
  3 demonic plants (D:10)
  4 plants (D:8)
9 creatures vanquished.

Grand Total: 322 creatures vanquished

Notes
Turn   | Place    | Note
-------+----------+-------------------------------------------
     0 | D:1      | lessens the Minotaur Reaver began the quest for the Orb.
     0 | D:1      | Reached XP level 1. HP: 18/18 MP: 1/1
   109 | D:1      | Reached skill level 4 in Axes
   135 | D:1      | Reached XP level 2. HP: 15/25 MP: 3/3
   595 | D:1      | Reached skill level 5 in Axes
   603 | D:1      | Reached XP level 3. HP: 30/30 MP: 4/4
  1826 | D:2      | Reached XP level 4. HP: 37/37 MP: 5/5
  1928 | D:3      | Reached skill level 6 in Axes
  2262 | D:3      | Found a white marble altar of Elyvilon.
  2380 | D:3      | Reached XP level 5. HP: 38/42 MP: 6/6
  2571 | D:3      | Reached skill level 7 in Axes
  3005 | D:4      | Noticed a phantom
  3022 | D:4      | Killed a phantom
  3023 | D:4      | Reached skill level 8 in Axes
  3023 | D:4      | Reached XP level 6. HP: 40/50 MP: 7/7
  3116 | D:4      | Found a glowing golden altar of the Shining One.
  3358 | D:4      | Found a stormy altar of Qazlal.
  3554 | D:4      | Reached skill level 9 in Axes
  3555 | D:4      | Found a staircase to the Ecumenical Temple.
  3561 | Temple   | Entered the Ecumenical Temple
  3640 | Temple   | Became a worshipper of Warmaster Okawaru
  4129 | D:5      | Entered Level 5 of the Dungeon
  4138 | D:5      | Reached XP level 7. HP: 56/56 MP: 8/8
  4150 | D:5      | Reached skill level 10 in Axes
  4199 | D:5      | Reached * piety under Okawaru
  4399 | D:5      | Reached skill level 11 in Axes
  4488 | D:5      | Reached skill level 1 in Armour
  4828 | D:5      | Reached XP level 8. HP: 58/62 MP: 9/9
  5025 | D:5      | Reached skill level 12 in Axes
  5124 | D:6      | Reached ** piety under Okawaru
  5237 | D:6      | Found an opulent altar of Gozag.
  5277 | D:6      | Found Elint's Armour Shoppe.
  5302 | D:6      | Bought a +0 pair of gloves for 49 gold pieces
  5446 | D:6      | Reached skill level 1 in Invocations
  5501 | D:6      | Reached skill level 13 in Axes
  5565 | D:6      | Reached XP level 9. HP: 37/68 MP: 10/10
  5583 | D:6      | Found a sand-covered staircase.
  5589 | Ossuary  | Entered an ossuary
  5748 | Ossuary  | Reached *** piety under Okawaru
  5810 | Ossuary  | Noticed a silent spectre
  5854 | D:6      | Reached skill level 14 in Axes
  6661 | D:7      | Noticed a troll
  6678 | D:7      | Killed a troll
  6735 | D:7      | Reached **** piety under Okawaru
  6947 | D:6      | Reached skill level 15 in Axes
  7068 | D:7      | Reached skill level 5 in Invocations
  7355 | D:7      | Reached XP level 10. HP: 62/75 MP: 12/12
  7430 | D:7      | Found a shimmering altar of Xom.
  7432 | D:7      | Found a shimmering altar of Xom.
  7435 | D:7      | Found a shimmering altar of Xom.
  8253 | D:8      | Noticed Psyche
  8263 | D:8      | Killed Psyche
  8263 | D:8      | Received a gift from Okawaru
  8264 | D:8      | Reached skill level 16 in Axes
  8635 | D:8      | Identified the +2 rapier of Defiance {venom, rC+}
  9007 | D:8      | Reached skill level 5 in Fighting
  9151 | D:8      | Identified the +1 ring mail of Hegrepli {Rampage rCorr
                  | Int+3}
  9450 | D:8      | Noticed Erica
  9473 | D:8      | Killed Erica
  9474 | D:8      | Reached skill level 5 in Armour
  9742 | D:9      | Reached ***** piety under Okawaru
  9829 | D:9      | Reached skill level 17 in Axes
  9890 | D:9      | Found a snail-covered altar of Cheibriados.
  9976 | D:9      | Found a radiant altar of Vehumet.
 10023 | D:9      | Found a staircase to the Lair.
 10381 | D:9      | Found a shimmering blue altar of Sif Muna.
 10627 | D:10     | Entered Level 10 of the Dungeon
 10627 | D:10     | Noticed Erolcha
 10633 | D:10     | Killed Erolcha
 10634 | D:10     | Reached XP level 11. HP: 86/86 MP: 10/13
 10898 | D:10     | Noticed Maurice
 10913 | D:10     | Killed Maurice
 11075 | D:10     | Noticed a sixfirhy
 11079 | D:10     | Killed a sixfirhy
 11080 | D:10     | Reached skill level 18 in Axes
 11388 | D:10     | HP: 2/86 [orc priest/divine providence (12)]
 11576 | D:10     | Found a staircase to the Orcish Mines.
 11975 | D:10     | Identified the +5 ice dragon scales of the Jolly Hells
                  | {-Cast Harm rF- rC++ Str+3 Dex+4} (Okawaru gifted it to you
                  | on level 10 of the Dungeon)
 11975 | D:10     | Received a gift from Okawaru
 12093 | D:10     | Noticed a centaur warrior
 12104 | D:10     | Killed a centaur warrior
 12105 | D:10     | Reached skill level 19 in Axes
 12350 | D:11     | Noticed a two-headed ogre
 12355 | D:11     | Killed a two-headed ogre
 12364 | D:11     | Noticed a centaur warrior
 12373 | D:11     | Shot with an arrow by a centaur warrior

Illustrated notes

Levels and vault maps discovered:
D:1:      amcnicky_arrival_choice, layout_loops_ring
D:2:      layout_loops_corners
D:3:      layout_loops_corners, lemuel_round_altar
D:4:      layout_cave_pools, nicolae_tso_besieged_by_evil,
          nicolae_qazlal_scattered_showers, minmay_temple_entry_hall,
          minmay_fractal_squares_gapless_5
D:5:      minmay_chambers_of_fours, layout_rooms
D:6:      layout_loops_corners, grunt_gozag_statues, enter_ossuary_1,
          serial_shops, kennysheep_mini, moated_statue, grunt_ministairs_14
D:7:      minmay_polygon_palace, layout_basic, xom_redecorated
D:8:      layout_gridville, nicolae_lava_and_water, minmay_misc_feat_five,
          chequers_big_river, uniq_psyche, uniq_erica
D:9:      layout_irregular_city, kennysheep_slug_shrine, lemuel_tele_altar,
          vehumet_statue, lair_entry_dummy, chequers_mini_garden
D:10:     layout_big_octagon, erik_orc_1, serial_demonic, serial_demonic_f,
          serial_demonic_e, serial_demonic_e, serial_demonic_c,
          small_statue_alley_b, grunt_tough_drop, uniq_erolcha, uniq_maurice
D:11:     layout_basic, minivault_11
Temple:   jpeg_temple_clearing

Skill      XL: |  1  2  3  4  5  6  7  8  9 10 11 |
---------------+----------------------------------+-----
Axes           | 4 5 6 8 9 11 13 15 17 19 | 19.4
Armour         | 1 4 6 9 |  9.1
Invocations    | 2 5 |  5.0
Fighting       | 5 |  5.1
Dodging        | |  2.1
Spellcasting   | |  1.3
Conjurations   | |  2.1

Action                   |  1- 3 |  4- 6 |  7- 9 | 10-12 || total
-------------------------+-------+-------+-------+-------++-------
Melee: Hand axe          |    94 |    81 |       |       ||   175
       Headbutt          |     7 |    14 |    53 |    47 ||   121
       Battleaxe         |       |    43 |   312 |   330 ||   685
Throw: Boomerang         |       |     5 |       |       ||     5
Invok: Heroism           |       |       |     2 |     5 ||     7
  Use: Scroll            |       |     2 |     8 |     2 ||    12
       Potion            |       |       |       |     2 ||     2
Armor: Leather armour    |    16 |       |       |       ||    16
       Ring mail         |    24 |    25 |    97 |    96 ||   242
Dodge: Dodged            |    58 |    97 |   265 |   229 ||   649
Block: Other             |       |    21 |    89 |    72 ||   182
       Reflection        |       |     1 |     1 |     5 ||     7

Table legend: (Time is in decaauts)
 A = Elapsed time spent in this place.
 B = Non-inter-level travel time spent in this place.
 C = Inter-level travel time spent in this place.
 D = Time resting spent in this place.
 E = Time spent auto-exploring this place.
 F = Levels seen in this place.
 G = Mean time per level.
                   A        B        C        D        E       F      G
               +--------+--------+--------+--------+--------+-----+--------+
         Total |  12380 |  11866 |    514 |    170 |   9460 |  13 |  952.3 |
       Dungeon |  12010 |  11519 |    491 |    166 |   9310 |  11 | 1091.8 |
        Temple |    102 |     79 |     23 |      0 |     60 |   1 |  102.0 |
       Ossuary |    267 |    267 |      0 |      4 |     90 |   1 |  267.0 |
               +--------+--------+--------+--------+--------+-----+--------+

Top non-repeatable levels by time:
     D:8: 1621 daAuts
    D:10: 1446 daAuts
     D:6: 1363 daAuts
     D:7: 1210 daAuts
     D:5: 1167 daAuts
     D:4: 1156 daAuts
     D:2: 1115 daAuts
     D:9: 1049 daAuts
     D:1: 894 daAuts
     D:3: 868 daAuts
 Ossuary: 267 daAuts
    D:11: 118 daAuts
  Temple: 102 daAuts
